 Dungeon Crawl Stone Soup version 0.32-a0-35-gd9ff480 (webtiles) character file.

Game seed: 303630361205393101

155 Dorkslayer the Ruffian (level 5, -2/33 HPs)
             Began as an Octopode Shapeshifter on Jan 21, 2024.
             Slain by Grinder (3 damage)
             ... on level 3 of the Dungeon.
             The game lasted 00:03:24 (1698 turns).

Dorkslayer the Ruffian (Octopode Shapeshifter)      Turns: 1698, Time: 00:03:24

Health: -2/33      AC:  1    Str: 16    XL:     5   Next: 37%
Magic:  14/14      EV: 13    Int: 12    God:
Gold:   89         SH:  0    Dex: 11    Spells: 4/4 levels left

rFire   . . .        i - +0 mace
rCold   . . .        (no shield)
rNeg    . . .        (helmet currently unavailable)
rPois   .            (no amulet)
rElec   .            p - ring of magical power
rCorr   .            (no ring)
SInv    .            (no ring)
Will    .....        (no ring)
Stlth   +++          (no ring)
HPRegen 0.25/turn    (no ring)
MPRegen 0.14/turn    (no ring)
                     (no ring)

%: no passive effects
@: beast-form
A: beast (slay +2), almost no armour, amphibious, 8 rings, camouflage 1,
gelatinous body 1, (nimble swimmer 1), tentacles
a: Begin Untransformation


You were on level 3 of the Dungeon.
You were a hulking beast.
You visited 1 branch of the dungeon, and saw 3 of its levels.

You collected 89 gold pieces.

Inventory:

Hand Weapons
 i - a +0 mace (weapon)
Jewellery
 p - a ring of magical power (left tentacle)
Talismans
 b - a beast talisman
 c - a flux talisman
Scrolls
 f - a scroll of blinking
 h - a scroll of torment {unknown}
 l - a scroll of fear
 n - 2 scrolls of identify {unknown}
 q - a scroll of revelation {unknown}
Potions
 a - a potion of lignification
 e - a potion of attraction {unknown}
 j - a potion of curing {unknown}
 k - a potion of degeneration {unknown}
 m - a potion of might {unknown}
 o - a potion of berserk rage {unknown}
 r - 2 potions of ambrosia {unknown}


   Skills:
 + Level 1.3 Fighting
 + Level 1.2 Maces & Flails
 + Level 2.6 Dodging
 + Level 1.5 Stealth
 * Level 4.4 Unarmed Combat
 + Level 3.6 Shapeshifting


You had 4 spell levels left.
You didn't know any spells.
Your spell library contained the following spells:

 Spells                   Type           Power      Damage    Failure   Level
 Static Discharge         Conj/Air       0%         3-3/arc   45%         2
 Dazzling Flash           Conj/Hex       0%         N/A       69%         3
 Hailstorm                Conj/Ice       0%         3d5       69%         3
 Mephitic Cloud           Conj/Alch/Air  0%         N/A       69%         3
 Summon Ice Beast         Ice/Summ       0%         N/A       69%         3
 Airstrike                Air            0%         2d(0-16)  97%         4
 Summon Lightning Spire   Summ/Air       0%         N/A       97%         4
 Curse of Agony           Necr           0%         N/A       100%        5
 Silence                  Hex/Air        0%         N/A       100%        5
 Sculpt Simulacrum        Ice/Alch       0%         N/A       100%        6


Dungeon Overview and Level Annotations

Branches:
Dungeon (3/15)

Altars:
Zin

Shops:
D:1 [

Annotations:
D:3 Grinder


Innate Abilities, Weirdness & Mutations

You are a hulking beast.
Your limbs bulge with bestial killing power. (Slay +2)
You cannot wear most types of armour.
You are amphibious.
You can wear up to eight rings at the same time.
Your skin changes colour to match your surroundings (Stealth+).
Your rubbery body absorbs attacks. (AC +1, EV +1)
((You are camouflaged when in or above water. (Stealth+)))
You have tentacles for arms and can constrict up to eight enemies at once.


Message History

It was a scroll of blinking.
As you read the scroll labelled KAUJIH ATSEOPS, it crumbles to dust.
It is a scroll of amnesia.
You feel forgetful for a moment.
As you read the scroll labelled PYONKI VUSH, it crumbles to dust.
The air around you briefly surges with heat, but it dissipates.
It was a scroll of immolation.
Found a stone staircase leading up.
A bat comes into view.
Found a short sword.
The bat barely misses you. The bat closely misses you.
You barely miss the bat. You grab the bat.
You squeeze the bat, but do no damage. You constrict the bat.
The bat completely misses you.
The bat struggles to escape constriction.
The bat escapes!
The bat closely misses you.
You hit the bat.
You kill the bat!
There is a stone staircase leading up here.
Grinder comes into view.
Grinder gestures at you.
You suddenly lose the ability to move!
Grinder hits you.
You writhe in agony.
Grinder hits you! Grinder hits you!
You writhe in agony.
Grinder hits you but does no damage.
You can move again.
Unknown command.
You sock Grinder! You grab Grinder. You squeeze Grinder!
Grinder is heavily wounded.
You constrict Grinder. Grinder hits you.
* * * LOW HITPOINT WARNING * * *
You writhe in agony.
* * * LOW HITPOINT WARNING * * *
You hit Grinder. You squeeze Grinder.
Grinder is severely wounded.
You constrict Grinder. Grinder hits you.
You die...
Grinder sighs, "Dead already?
I want a refund."

................ ...............
........######.. ................
#####.#.# #.. ..#..#.....#...###.
#####.#.# #.. ...........+...###.
...##.#.# #...#.#?.......#.#.....
...##.#.# #...#.#........#.#..##.
...##.#.###...#.#................
...##.#..........................
...+............h5..............>
...##....##...#.######.###.######
.........### #........###.######
.#.......# ##<.......'.........
.#.......## #.........###'######
.#........# #...................
.#........# #......##..........#
##........# #......##..........#
#%.......# #......##..........#


You could see Grinder.

Vanquished Creatures
  2 bombardier beetles
  4 adders
  A dart slug (D:2)
  3 bats
  5 endoplasms
  A giant cockroach (D:3)
  6 goblins
  5 hobgoblins
  3 jackals (D:2)
  A quokka (D:2)
  6 ball pythons
  5 frilled lizards
  3 kobolds
  7 rats
52 creatures vanquished.

Notes
Turn   | Place    | Note
-------+----------+-------------------------------------------
     0 | D:1      | Dorkslayer the Octopode Shapeshifter began the quest for
                  | the Orb.
     0 | D:1      | Reached XP level 1. HP: 13/13 MP: 1/1
    66 | D:1      | Found Wanukuut's Armour Boutique.
   123 | D:1      | Reached XP level 2. HP: 17/18 MP: 2/2
   648 | D:2      | Reached XP level 3. HP: 23/23 MP: 3/3
   718 | D:2      | Found a glowing silver altar of Zin.
   751 | D:2      | Reached skill level 4 in Unarmed Combat
   839 | D:2      | Reached XP level 4. HP: 28/28 MP: 4/4
   927 | D:2      | Reached skill level 1 in Stealth
  1081 | D:2      | Found a faded altar of an unknown god.
  1391 | D:3      | Reached XP level 5. HP: 33/33 MP: 5/5
  1580 | D:3      | Reached skill level 1 in Maces & Flails
  1691 | D:3      | Noticed Grinder
  1692 | D:3      | Paralysed by Grinder for 5 turns
  1697 | D:3      | HP: 1/33 [Grinder (5)]
  1698 | D:3      | Slain by Grinder

Illustrated notes

Levels and vault maps discovered:
D:1:      dpeg_arrival_simpleton_b, layout_basic, serial_shops, shop_statue
D:2:      layout_rooms, basic_altar, ebering_ecumenical_altar_abandoned
D:3:      layout_basic, uniq_grinder

Skill      XL: |  1  2  3  4  5 |
---------------+----------------+-----
Unarmed Combat | 4 |  4.4
Stealth        | 1 |  1.5
Maces & Flails | 1 |  1.2
Fighting       | |  1.3
Dodging        | |  2.6
Shapeshifting  | |  3.6

Action                     |  1- 3 |  4- 6 || total
---------------------------+-------+-------++-------
  Melee: Unarmed           |    50 |       ||    50
         Constrict         |    16 |     5 ||    21
         Tentacles         |     9 |     6 ||    15
         Punch             |     4 |       ||     4
         Mace              |    19 |    27 ||    46
    Use: Scroll            |       |     5 ||     5
   Stab: Sleeping          |     4 |     3 ||     7
 Armour: Skin              |    23 |    14 ||    37
  Dodge: Dodged            |    47 |    18 ||    65

Table legend: (Time is in decaauts)
 A = Elapsed time spent in this place.
 B = Non-inter-level travel time spent in this place.
 C = Inter-level travel time spent in this place.
 D = Time resting spent in this place.
 E = Time spent auto-exploring this place.
 F = Levels seen in this place.
 G = Mean time per level.
                   A        B        C        D        E       F      G
               +--------+--------+--------+--------+--------+-----+--------+
         Total |   1711 |   1711 |      0 |      0 |   1093 |   3 |  570.3 |
       Dungeon |   1711 |   1711 |      0 |      0 |   1093 |   3 |  570.3 |
               +--------+--------+--------+--------+--------+-----+--------+

Top non-repeatable levels by time:
     D:1: 630 daAuts
     D:3: 554 daAuts
     D:2: 525 daAuts
